 Dungeon Crawl Stone Soup version 0.19-a0-1498-g0b85ae9 (webtiles) character file.

110 4thArraOfDagon the Ruffian (level 4, -6/39 HPs)
             Began as a Troll Ice Elementalist on Sept 10, 2016.
             Mangled by Pikel
             ... wielding a +2 whip of electrocution
              (9 damage)
             ... on level 5 of the Dungeon.
             The game lasted 00:01:36 (262 turns).

4thArraOfDagon the Ruffian (Troll Ice Elementalist)  Turns: 262, Time: 00:01:37

Health: -6/39      AC:  5    Str: 16    XL:     4   Next: 61%
Magic:  4/4        EV: 10    Int: 17    God:
Gold:   40         SH:  0    Dex: 10    Spells: 1 memorised, 4 levels left

rFire  . . .     SeeInvis .       - Unarmed
rCold  . . .     Gourm    +     a - +0 robe
rNeg   . . .     Faith    .     (no shield)
rPois  .         Spirit   .     (helmet restricted)
rElec  .         Dismiss  .     (no cloak)
rCorr  .         Reflect  .     (gloves unavailable)
MR     .....     Harm     .     (boots unavailable)
Stlth  +.........               (no amulet)
                                (no ring)
                                (no ring)

@: brilliant, very slightly contaminated
A: unfitting armour, claws 3, fast metabolism 3, gourmand, regeneration 1,
shaggy fur 1, tough skin 2
a: no special abilities


You were on level 5 of the Dungeon.
You were not hungry.

You visited 1 branch of the dungeon, and saw 4 of its levels.

You collected 40 gold pieces.

Inventory:

Armour
 a - a +0 robe (worn)
Scrolls
 d - a scroll of teleportation {unknown}
 i - a scroll of remove curse {unknown}
Books
 b - a book of Frost

   Spells                             Type                      Level
   a - Freeze                         Ice                          1
   b - Throw Frost                    Conjuration/Ice              2
   c - Ozocubu's Armour               Charms/Ice                   3
   d - Throw Icicle                   Conjuration/Ice              4
   e - Summon Ice Beast               Ice/Summoning                4
Comestibles
 c - 3 bread rations


   Skills:
 - Level 1.5 Dodging
 - Level 1.1 Stealth
 * Level 4.3 Unarmed Combat
 - Level 1.2 Spellcasting
   Level 0.6 Conjurations
 - Level 2.1 Ice Magic


You had 4 spell levels left.
You knew the following spells:

 Your Spells              Type           Power        Failure   Level  Hunger
a - Freeze                Ice            ###.         1%          1    ##.....


Dungeon Overview and Level Annotations

Branches:
Dungeon (3/15)

Altars:

Annotations:
D:5 Eustachio, Pikel


Innate Abilities, Weirdness & Mutations

You are too large for most types of armour.
You have claws for hands.
Your metabolism is lightning-fast.
You like to eat raw meat.
Your natural rate of healing is unusually fast.
You are covered in fur. (AC +1)
You have very tough skin. (AC +2)


Message History

Pikel is severely wounded.
Pikel closely misses you.
Unknown command.
You claw Pikel!
Pikel is almost dead.
Pikel closely misses you.
Unknown command.
You scratch Pikel but do no damage.
Pikel is almost dead.
Pikel hits you with a whip of electrocution!
You are electrocuted!
* * * LOW HITPOINT WARNING * * *
Unknown command.
Unknown command.
You barely miss Pikel.
Pikel is almost dead.
Pikel hits you with a whip of electrocution!
* * * LOW HITPOINT WARNING * * *
You are electrocuted!
You die...

### #.. #.# #.#
#@# ## #K#
....###p#
.......o#######
..........)o..#
....#########o#
#.# #.# #.# #.#
#$# #p#


You could see Pikel, a slave and an orc.

Vanquished Creatures
  3 slaves (D:5)
  Blork the orc (D:5)
  A worker ant (D:5)
  A shadow imp (D:5)
  A giant gecko (D:3)
  An orc (D:5)
  A giant cockroach (D:1)
  A jackal (D:2)
  A quokka (D:3)
  3 bats
  A giant newt (D:2)
15 creatures vanquished.

Notes
Turn   | Place    | Note
-------+----------+-------------------------------------------
     0 | D:1      | 4thArraOfDagon the Troll Ice Elementalist began the quest for the Orb.
     0 | D:1      | Reached XP level 1. HP: 16/16 MP: 1/1
     9 | D:1      | timbw: he plays for highscores
    32 | D:1      | timbw: and in general
    47 | D:1      | wazuzu: I once had migl with staff of earth with all possible resists, even 2 rmut
    50 | D:2      | timbw: 4tharra gives less shit then most
    97 | D:2      | wazuzu: but died to v5 (when it was v5)
   103 | D:2      | Reached skill level 1 in Unarmed Combat
   113 | D:2      | timbw: if he starts giving a shit
   143 | D:3      | timbw: sapher watch out
   157 | D:3      | Reached XP level 2. HP: 24/24 MP: 2/2
   172 | D:3      | You fall through a shaft for 2 floors!
   172 | D:5      | Entered Level 5 of the Dungeon
   172 | D:5      | Noticed a slave
   172 | D:5      | Noticed a slave
   172 | D:5      | Noticed a slave
   172 | D:5      | Noticed a slave
   173 | D:5      | Noticed Blork the orc
   179 | D:5      | Noticed Pikel
   182 | D:5      | Noticed Eustachio
   199 | D:5      | Killed Blork the orc
   199 | D:5      | Reached skill level 3 in Unarmed Combat
   199 | D:5      | Reached XP level 3. HP: 31/31 MP: 3/3
   199 | D:5      | Reached XP level 4. HP: 39/39 MP: 4/4
   209 | D:5      | Killed a slave
   215 | D:5      | Reached skill level 4 in Unarmed Combat
   219 | D:5      | Killed a slave
   231 | D:5      | Killed a slave
   262 | D:5      | Mangled by Pikel

Vault maps used:
D:1:      eino_arrival_tree_alley
D:2:      uniq_sigmund, uniq_crazy_yiuf_cottage
D:3:      ecumenical_altar_1, first_bread
D:5:      nicolae_ossuary_entry_false_entrances, minmay_misc_feat_chi,
          kennysheep_small_spiral, minivault_14, uniq_blork_the_orc,
          uniq_eustachio, uniq_pikel

Skill      XL: |  1  2  3  4 |
---------------+-------------+-----
Unarmed Combat | 1 3 4 |  4.3
Dodging        | |  1.5
Stealth        | |  1.1
Spellcasting   | |  1.2
Conjurations   | |  0.6
Ice Magic      | |  2.1

Action                   |  1- 3 |  4- 6 || total
-------------------------+-------+-------++-------
Melee: Unarmed           |    32 |    44 ||    76
  Use: Potion            |     4 |       ||     4
Armor: Robe              |    20 |     1 ||    21
       Skin              |     6 |    16 ||    22
Dodge: Dodged            |    24 |     5 ||    29
